 Dungeon Sprint DCSS version 0.30.1-1-g62c8e00024 (webtiles) character file.

Game seed: 10706277550936562686

3541 boopmooplesden the Cruncher (level 9, -1/78 HPs)
             Began as a Demonspawn Gladiator on July 16, 2023.
             Was the Champion of Trog.
             Slain by a snapping turtle (13 damage)
             ... in the Dungeon (Sprint VII: "The Pits").
             The game lasted 00:03:35 (1349 turns).

boopmooplesden the Cruncher (Demonspawn Gladiator)  Turns: 1349, Time: 00:03:35

Health: -1/78      AC: 23    Str: 19    XL:     9   Next: 82%
Magic:  9/9        EV: 12    Int: 10    God:    Trog [******]
Gold:   0          SH:  0    Dex: 17    Spells: 8/8 levels left

rFire   . . .        w - +4 quarterstaff (speed)
rCold   . . .        (shield currently unavailable)
rNeg    . . .        x - +4 chain mail
rPois   .            c - +0 helmet
rElec   .            (no cloak)
rCorr   .            y - +0 pair of gloves
SInv    .            (no boots)
Will    ++...        (no amulet) Stlth
                     t - +3 ring of dexterity
HPRegen 1.33/turn    s - +3 ring of protection
MPRegen 0.11/turn

%: no teleportation
@: strong-willed, regenerating
A: claws 1, yellow scales 1, foul stench 2, powered by death 1
a: Renounce Religion, Berserk, Trog's Hand, Brothers in Arms


You were in the Dungeon.
You worshipped Trog.
Trog was exalted by your worship.
You visited 1 branch

Inventory:

Hand Weapons
 a - a +0 quarterstaff
 l - a +2 quarterstaff
 q - a +2 quarterstaff of speed
 r - a +7 heavy glaive
 w - a +4 quarterstaff of speed (weapon)
Missiles
 d - 3 throwing nets (quivered)
 e - a javelin
Armour
 b - a +0 leather armour
 c - a +0 helmet (worn)
 p - a +3 scale mail
 x - a +4 chain mail (worn)
 y - a +0 pair of gloves (worn)
Jewellery
 s - a +3 ring of protection (right hand)
 t - a +3 ring of dexterity (left hand)
Scrolls
 k - a scroll of blinking
 n - 5 scrolls of amnesia
 o - a scroll of summoning
Potions
 f - 7 potions of curing
 g - 8 potions of heal wounds
 h - a potion of haste
 i - 4 potions of magic
 j - 4 potions of berserk rage
 m - 2 potions of invisibility
 u - 2 potions of might
 v - a potion of resistance


   Skills:
 + Level 9.6 Fighting
 + Level 14.4 Staves
 + Level 3.3 Throwing
 + Level 8.9 Armour
 + Level 9.0 Dodging
 + Level 3.3 Stealth


You had 8 spell levels left.
You didn't know any spells.
Your spell library was empty.

Dungeon Overview and Level Annotations

Branches:
Dungeon (1/1)

Altars:
Cheibriados
Dithmenos
Fedhas
Gozag
Hepliaklqana
Makhleb
Nemelex Xobeh
Okawaru
Qazlal
Ru
Sif Muna
Trog
Vehumet
Wu Jian
Xom
Yredelemnul
Jiyva
Lugonu


Innate Abilities, Weirdness & Mutations

You have sharp fingernails.
You are partially covered in yellow scales. (AC +2)
You sometimes emit foul miasma when damaged in melee.
You regenerate a little health from kills.


Message History

You hit the tarantella.
The tarantella is almost dead.
The tarantella touches you but does no damage.
You miss the tarantella.
The tarantella is almost dead.
The snapping turtle bites you from afar.
* * * LOW HITPOINT WARNING * * *
You closely miss the tarantella.
The tarantella is almost dead.
The tarantella touches you but does no damage.
You closely miss the tarantella.
The tarantella is almost dead.
The tarantella closely misses you.
You thump the tarantella!
You kill the tarantella!
Trog accepts your kill.
You recover from your berserk rage.
The snapping turtle barely misses you.
Your skin crawls.
You feel strong-willed.
The snapping turtle bites you but does no damage.
The snapping turtle bites you!
* * * LOW HITPOINT WARNING * * *
You see here a tarantella corpse.
You hit the snapping turtle.
The snapping turtle is lightly wounded.
You hit the snapping turtle but do no damage.
The snapping turtle is lightly wounded.
The snapping turtle closely misses you.
You hit the snapping turtle but do no damage.
You hit the snapping turtle but do no damage.
You hit the snapping turtle but do no damage.
The snapping turtle bites you.
* * * LOW HITPOINT WARNING * * *
You thump the snapping turtle!
The snapping turtle is lightly wounded.
You sock the snapping turtle!
The snapping turtle is moderately wounded.
The snapping turtle bites you!
You die...

..........+
..........+
#..#......#
..........#
###''######
.##''#####
###########
.##......#
#.........#
.##......# #..t....#
.###....## ####@..#
.# ##''## ###..†...+
.###....###....##+##
.##......#....##
###......'....+
###......#...†##
.###..).###....# [#
##['## ###..+ )#
#.)..# ####


You could see a snapping turtle.

Vanquished Creatures
  A flayed ghost (D)
  A deep elf zephyrmancer (D)
  2 cane toads (D)
  An unseen horror (D)
  A tarantella (D)
  Sigmund (D)
  A shadow (D)
  A redback (D)
  A steam dragon (D)
  A water moccasin (D)
  A floating eye (D)
  A black bear (D)
  An ice beast (D)
  2 scorpions (D)
  3 wights (D)
  A hound (D)
  A gnoll bouda (D)
  An iron imp (D)
  A jelly (D)
  An iguana (D)
  2 gnolls (D)
  A river rat (D)
  An ufetubus (D)
  An adder skeleton (D)
  A worm (D)
  An orc (D)
  3 jackals (D)
  A quokka (D)
  A ball python (D)
  A quokka zombie (D)
37 creatures vanquished.

Vanquished Creatures (collateral kills)
  A tyrant leech (D)
  A worm (D)
2 creatures vanquished.

Vanquished Creatures (others)
  A goblin (D)
1 creature vanquished.

Grand Total: 40 creatures vanquished

Notes
Turn   | Place    | Note
-------+----------+-------------------------------------------
     0 | D        | boopmooplesden the Demonspawn Gladiator began the quest for
                  | the Orb.
     0 | D        | Reached XP level 1. HP: 16/16 MP: 1/1
    16 | D        | Reached skill level 3 in Staves
    16 | D        | Gained mutation: You are partially covered in yellow
                  | scales. (AC +2) [demonic ancestry]
    16 | D        | Reached XP level 2. HP: 12/23 MP: 2/2
    42 | D        | Found a bloodstained altar of Trog.
    42 | D        | Found a shimmering blue altar of Sif Muna.
    42 | D        | Found a viscous altar of Jiyva.
    42 | D        | Found a hazy altar of Hepliaklqana.
    42 | D        | Found an opulent altar of Gozag.
    43 | D        | Found a basalt altar of Yredelemnul.
    43 | D        | Found a shimmering altar of Xom.
    43 | D        | Found an ornate altar of the Wu Jian Council.
    43 | D        | Found a sacrificial altar of Ru.
    43 | D        | Found a stormy altar of Qazlal.
    43 | D        | Found an iron altar of Okawaru.
    43 | D        | Found a sparkling altar of Nemelex Xobeh.
    43 | D        | Found a burning altar of Makhleb.
    43 | D        | Found a blossoming altar of Fedhas.
    43 | D        | Found a shadowy altar of Dithmenos.
    43 | D        | Found a snail-covered altar of Cheibriados.
    45 | D        | Found a corrupted altar of Lugonu.
    45 | D        | Found a radiant altar of Vehumet.
    46 | D        | Became a worshipper of Trog the Wrathful
    74 | D        | Noticed a scorpion
    82 | D        | Killed a scorpion
    82 | D        | Reached * piety under Trog
    83 | D        | Reached skill level 5 in Staves
    83 | D        | Gained mutation: You may rarely emit foul miasma when
                  | damaged in melee. [demonic ancestry]
    83 | D        | Reached XP level 3. HP: 29/29 MP: 3/3
    83 | D        | Reached XP level 4. HP: 35/35 MP: 4/4
   191 | D        | Noticed a floating eye
   199 | D        | Reached ** piety under Trog
   203 | D        | Reached skill level 6 in Staves
   203 | D        | Reached skill level 1 in Armour
   203 | D        | Reached skill level 5 in Dodging
   204 | D        | Killed a floating eye
   204 | D        | Reached *** piety under Trog
   205 | D        | Reached skill level 7 in Staves
   205 | D        | Reached XP level 5. HP: 43/43 MP: 5/5
   264 | D        | Noticed a water moccasin
   277 | D        | Reached skill level 8 in Staves
   282 | D        | Killed a water moccasin
   283 | D        | Reached skill level 5 in Fighting
   283 | D        | Gained mutation: You regenerate a little health from kills.
                  | [demonic ancestry]
   283 | D        | Reached XP level 6. HP: 48/51 MP: 6/6
   287 | D        | Reached skill level 9 in Staves
   287 | D        | Reached skill level 1 in Stealth
   288 | D        | Reached **** piety under Trog
   435 | D        | Reached XP level 7. HP: 50/58 MP: 7/7
   446 | D        | Reached ***** piety under Trog
   447 | D        | Reached skill level 10 in Staves
   589 | D        | Killed an unseen horror
   590 | D        | Reached skill level 11 in Staves
   590 | D        | Reached skill level 5 in Armour
   688 | D        | Noticed Sigmund
   691 | D        | Received a gift from Trog
   696 | D        | Gained mutation: You have sharp fingernails. [demonic
                  | ancestry]
   696 | D        | Reached XP level 8. HP: 65/65 MP: 8/8
   704 | D        | Killed Sigmund
   738 | D        | Noticed a deep elf zephyrmancer
   738 | D        | Noticed a tyrant leech
   749 | D        | Killed a tyrant leech
   767 | D        | Killed a deep elf zephyrmancer
   768 | D        | Reached skill level 12 in Staves
   992 | D        | Gained mutation: You sometimes emit foul miasma when
                  | damaged in melee. [demonic ancestry]
   992 | D        | Reached XP level 9. HP: 74/74 MP: 9/9
  1150 | D        | Reached skill level 13 in Staves
  1252 | D        | Noticed a cane toad
  1265 | D        | Killed a cane toad
  1274 | D        | Noticed a flayed ghost
  1288 | D        | Killed a flayed ghost
  1288 | D        | Reached ****** piety under Trog
  1289 | D        | Reached skill level 14 in Staves
  1310 | D        | Noticed a cane toad
  1323 | D        | Killed a cane toad
  1349 | D        | Slain by a snapping turtle

Illustrated notes

Levels and vault maps discovered:
D:        pitsprint [storerooms_1, entrance_room_1, metal_vault_2, armoury_3,
          mini_pit_1, grid_room_1, main_hall_1, silver_pit, the_coven_3,
          the_vestibule_1, steel_vault_4, golden_pit, hallway_of_sentries,
          crystal_vault_2, iron_vault_2, final_vault]

Skill      XL: |  1  2  3  4  5  6  7  8  9 |
---------------+----------------------------+-----
Staves         | 3 5 7 8 9 11 12 14 | 14.4
Throwing       | 2 3 |  3.3
Dodging        | 3 4 6 7 8 9 |  9.0
Fighting       | 3 4 5 6 8 9 |  9.6
Armour         | 2 3 4 5 7 8 |  8.9
Stealth        | 1 2 3 |  3.3

Action                     |  1- 3 |  4- 6 |  7- 9 || total
---------------------------+-------+-------+-------++-------
  Melee: Quarterstaff      |    22 |    41 |   133 ||   196
 Invoke: Berserk           |       |     2 |     4 ||     6
         Brothers in Arms  |       |       |     1 ||     1
         Trog's Hand       |       |       |     1 ||     1
 Armour: Leather armour    |     3 |     4 |       ||     7
         Scale mail        |       |     8 |    20 ||    28
         Chain mail        |       |       |    18 ||    18
  Dodge: Dodged            |    17 |    20 |    34 ||    71
